 Dungeon Crawl Stone Soup version 0.28.0 (webtiles) character file.

Game seed: 16031680109449529327

47 browni3141 the Chopper (level 3, -2/33 HPs)
             Began as a Minotaur Berserker on Feb 16, 2022.
             Was a Believer of Trog.
             Slain by a gnoll (8 damage)
             ... on level 2 of the Dungeon.
             The game lasted 00:00:24 (1250 turns).

browni3141 the Chopper (Minotaur Berserker)         Turns: 1250, Time: 00:00:25

Health: -2/33      AC:  2    Str: 23    XL:     3   Next: 48%
Magic:  2/2        EV: 12    Int:  4    God:    Trog [**....]
Gold:   62         SH:  0    Dex:  9    Spells: 2/2 levels left

rFire   . . .      SeeInvis .   a - +0 hand axe
rCold   . . .      Faith    .   (no shield)
rNeg    . . .      Spirit   .   b - +0 animal skin
rPois   .          Reflect  .   (helmet restricted)
rElec   .          Harm     .   (no cloak)
rCorr   .          Rampage  .   (no gloves)
Will    .....                   (no boots)
Stlth   +.........              (no amulet)
HPRegen 0.11/turn               (no ring)
MPRegen 0.08/turn               (no ring)

@: no status effects
A: horns 2, retaliatory headbutt
a: Renounce Religion, Berserk, Trog's Hand


You were on level 2 of the Dungeon.
You worshipped Trog.
Trog was pleased with you.
You visited 1 branch of the dungeon, and saw 2 of its levels.

You collected 62 gold pieces.

Inventory:

Hand Weapons
 a - a +0 hand axe (weapon)
Armour
 b - a +0 animal skin (worn)
Jewellery
 c - an amulet of guardian spirit
Scrolls
 g - a scroll of teleportation {unknown}
Potions
 d - a potion of mutation {unknown}
 e - a potion of curing {unknown}
 f - a potion of degeneration {unknown}


   Skills:
 + Level 4.1 Fighting
 * Level 4.7 Axes
 + Level 3.1 Armour
 - Level 2.1 Dodging


You had 2 spell levels left.
You didn't know any spells.
Your spell library was empty.

Dungeon Overview and Level Annotations

Branches:
Dungeon (2/15)

Altars:


Innate Abilities, Weirdness & Mutations

You have a pair of horns on your head.
You reflexively headbutt those who attack you in melee.


Message History

No target in view!
You now have 62 gold pieces (gained 10).
You open the door.
There is an open door here.
You open the door.
A dart slug comes into view.
Found 13 stones and 15 gold pieces.
A dart slug is nearby!
A gnoll comes into view. It is wielding a +0 flail.
There is an open door here.
The gnoll shouts!
You hear a shout! x2
The dart slug launches a dart at you. The slug dart hits you.
You see here 15 gold pieces.
There are monsters nearby! 2 gnolls come into view.
Found a scroll labelled HECEORHUASH.
The gnoll shouts! x2
A goblin comes into view. It is wielding a +0 club. x2
There are monsters nearby!
You barely miss the gnoll. The gnoll misses you.
There are monsters nearby!
You slash the gnoll!
The gnoll is severely wounded.
The gnoll misses you. The gnoll closely misses you.
The gnoll barely misses you. You furiously retaliate!
You headbutt the gnoll!
You kill the gnoll!
Trog accepts your kill.
There are monsters nearby!
Found 11 gold pieces.
The gnoll hits you with a +0 flail! The gnoll closely misses you.
There are monsters nearby!
You closely miss the gnoll.
The gnoll hits you from afar with a +0 halberd.
The gnoll hits you with a +0 flail!
* * * LOW HITPOINT WARNING * * *
The gnoll hits you from afar with a +0 halberd.
* * * LOW HITPOINT WARNING * * *
The gnoll hits you with a +0 flail!
You die...

#.$...... #........
#........ #........
#+######### #......?.
.....<....# #..g.....
....†.....# #gg......
..........# #@)g.....
...†......# #.#######
..........######$.....#
..........'....'...(..#
###
...†......######......#
#.. ..........#
#....w.# #.#
..........# #......#
#.# ..........#
#......# #.#
..........# #......#
#(#


You could see 2 gnolls, a dart slug and 2 goblins.

Vanquished Creatures
  A gnoll (D:2)
  A dart slug (D:1)
  A bat (D:1)
  6 endoplasms (D:1)
  2 giant cockroaches
  A hobgoblin (D:2)
  A quokka (D:2)
  8 ball pythons
  5 frilled lizards (D:1)
  4 goblins (D:1)
  A kobold (D:1)
  3 rats
34 creatures vanquished.

Notes
Turn   | Place    | Note
-------+----------+-------------------------------------------
     0 | D:1      | browni3141 the Minotaur Berserker began the quest for the
                  | Orb.
     0 | D:1      | Reached XP level 1. HP: 19/19 MP: 0/0
   250 | D:1      | Reached XP level 2. HP: 25/27 MP: 1/1
   720 | D:1      | Reached ** piety under Trog
   973 | D:1      | Reached XP level 3. HP: 33/33 MP: 2/2
  1250 | D:2      | Slain by a gnoll

Illustrated notes

Levels and vault maps discovered:
D:1:      ncdulo_smallfort, layout_basic
D:2:      layout_basic

Skill      XL: |  1  2  3 |
---------------+----------+-----
Axes           | 4 |  4.7
Fighting       | 4 |  4.1
Armour         | 3 |  3.1
Dodging        | |  2.1

Action                   || total
-------------------------++-------
Melee: Hand axe          ||    60
       Headbutt          ||     5
Armor: Animal skin       ||    10
Dodge: Dodged            ||    42
